 Dungeon Crawl Stone Soup version 0.30.1-4-g462c640d31 (webtiles) character file.

Game seed: 13772134795207835788

21 growler the Trooper (level 2, 24/24 HPs)
             Began as a Demonspawn Gladiator on Aug 15, 2023.
             Quit the game on level 1 of the Dungeon.
             The game lasted 00:01:11 (751 turns).

growler the Trooper (Demonspawn Gladiator)           Turns: 751, Time: 00:01:11

Health: 24/24      AC:  3    Str: 14    XL:     2   Next: 65%
Magic:  2/2        EV: 12    Int:  9    God:
Gold:   5          SH:  0    Dex: 14    Spells: 1/1 levels left

rFire   . . .        a - +0 flail
rCold   . . .        (no shield)
rNeg    . . .        b - +0 leather armour
rPois   .            (helmet restricted)
rElec   .            (no cloak)
rCorr   .            (no gloves)
SInv    .            (no boots)
Will    .....        (no amulet)
Stlth   +            (no ring)
HPRegen 0.24/turn    (no ring)
MPRegen 0.08/turn

%: no passive effects
@: no status effects
A: horns 1
a: no special abilities


You were on level 1 of the Dungeon.
You visited 1 branch of the dungeon, and saw 1 of its levels.

You collected 5 gold pieces.

Inventory:

Hand Weapons
 a - a +0 flail (weapon)
 f - a +2 dagger of freezing
Missiles
 d - 3 throwing nets (quivered)
 e - a javelin
Armour
 b - a +0 leather armour (worn)
 c - a +0 helmet
Scrolls
 j - a scroll of identify {unknown}
Potions
 g - a potion of mutation {unknown}
 h - a potion of cancellation {unknown}
 i - a potion of invisibility {unknown}


   Skills:
 + Level 3.3 Fighting
 - Level 2.6 Maces & Flails
 - Level 1.7 Throwing
 - Level 2.6 Dodging


You had one spell level left.
You didn't know any spells.
Your spell library contained the following spells:

 Spells                   Type           Power      Damage    Failure   Level
 Blink                    Tloc           0%         N/A       61%         2
 Lesser Beckoning         Tloc           0%         N/A       61%         2
 Momentum Strike          Conj/Tloc      0%         3d8       61%         2


Dungeon Overview and Level Annotations

Branches:
Dungeon (1/15)

Altars:


Innate Abilities, Weirdness & Mutations

You have a pair of small horns on your head.


Message History

There is an open door here.
You open the door.
A hobgoblin comes into view.
An endoplasm comes into view.
The endoplasm quivers.
There is an open door here.
You barely miss the hobgoblin. The hobgoblin hits you.
The hobgoblin barely misses you.
You closely miss the hobgoblin. The hobgoblin hits you.
You barely miss the hobgoblin. The hobgoblin closely misses you.
You closely miss the hobgoblin. Your headbutt misses the hobgoblin.
The hobgoblin misses you.
You barely miss the hobgoblin. The hobgoblin hits you.
The hobgoblin hits you but does no damage.
You closely miss the hobgoblin. The hobgoblin hits you.
You thump the hobgoblin!
You kill the hobgoblin!
You hit the endoplasm. You headbutt the endoplasm.
You kill the endoplasm!
No target in view!
There is an open door, spattered with blood here.
An endoplasm comes into view.
A frilled lizard comes into view.
You sock the endoplasm!
You kill the endoplasm!
You closely miss the frilled lizard. The frilled lizard barely misses you.
You hit the frilled lizard.
You kill the frilled lizard!
No target in view!
As you open the door, it creaks loudly!
You hear an angry hiss.
A ball python comes into view.
A ball python is nearby!
The ball python bites you. The ball python barely misses you.
You sock the ball python!
You kill the ball python!
No target in view!
Found a robe.
An endoplasm, a goblin and a hobgoblin come into view.
There are monsters nearby!
Are you sure you want to abandon this character and quit the game? (Confirm with "yes".)

...................##.###.
#####.....##.......##.#...
#.....###########.#.#.
#.....# ###.#.## #.....#
##....... #.....#
#..###... #.....#
#..###### ###.....#####
#........ .......@....#
#...♣♣... ............#
#...♣♣... ............#
###...... [...........#
#.####. ............#
#.#.... ............#
###.<.# ............#
#...# ....g.J...g.. #####


You could see an endoplasm (asleep), a hobgoblin (asleep) and a goblin (asleep).

Vanquished Creatures
  4 ball pythons (D:1)
  2 endoplasms (D:1)
  5 goblins (D:1)
  2 hobgoblins (D:1)
  A quokka (D:1)
  A bat (D:1)
  2 frilled lizards (D:1)
  3 kobolds (D:1)
  A rat (D:1)
21 creatures vanquished.

Notes
Turn   | Place    | Note
-------+----------+-------------------------------------------
     0 | D:1      | growler the Demonspawn Gladiator began the quest for the
                  | Orb.
     0 | D:1      | Reached XP level 1. HP: 16/16 MP: 1/1
   199 | D:1      | Gained mutation: You have a pair of small horns on your
                  | head. [demonic ancestry]
   199 | D:1      | Reached XP level 2. HP: 20/23 MP: 2/2
   218 | D:1      | Reached skill level 3 in Fighting
   505 | D:1      | Found a faded altar of an unknown god.
   751 | D:1      | Quit the game

Illustrated notes

Levels and vault maps discovered:
D:1:      amcnicky_arrival_single_pillar, layout_basic,
          ebering_ecumenical_altar_box, st_stairs_5

Skill      XL: |  1  2 |
---------------+-------+-----
Fighting       | 3 |  3.3
Maces & Flails | |  2.6
Throwing       | |  1.7
Dodging        | |  2.6

Action                     || total
---------------------------++-------
  Melee: Flail             ||    56
         Headbutt          ||     3
 Armour: Leather armour    ||    14
  Dodge: Dodged            ||    37
